 Dungeon Crawl Stone Soup version 0.27-a0-1191-g601b473118 (webtiles) character file.

Game seed: 13788451510101569553

107 Wyvernaa the Poker (level 4, 0/34 HPs)
             Began as a Demonspawn Gladiator on May 24, 2021.
             Slain by an orc
             ... wielding a +0 dagger
              (1 damage)
             ... on level 4 of the Dungeon.
             The game lasted 00:04:40 (1470 turns).

Wyvernaa the Poker (Demonspawn Gladiator)           Turns: 1470, Time: 00:04:41

Health: 0/34       AC:  5    Str: 15    XL:     4   Next: 56%
Magic:  4/4        EV: 12    Int: 10    God:
Gold:   101        SH:  0    Dex: 14    Spells: 3/3 levels left

rFire    + . .     SeeInvis .   a - +0 trident
rCold    + . .     Faith    .   (no shield)
rNeg     . . .     Spirit   .   b - +0 leather armour
rPois    +         Reflect  .   c - +1 helmet
rElec    +         Harm     .   (no cloak)
rCorr    +         Rampage  .   (no gloves)
Will     .....                  (no boots)
Stlth    +.........             (no amulet)
HPRegen  0.11/turn              (no ring)
MPRegen  0.09/turn              (no ring)

@: brilliant, resistant
A: claws 1, powered by death 1
a: no special abilities


You were on level 4 of the Dungeon.
You visited 1 branch of the dungeon, and saw 3 of its levels.

You collected 101 gold pieces.

Inventory:

Hand Weapons
 a - a +0 trident (weapon)
Missiles
 d - 3 throwing nets (quivered)
 g - 8 atropa-tipped darts
Armour
 b - a +0 leather armour (worn)
 c - a +1 helmet (worn)
Scrolls
 e - 3 scrolls of amnesia
 f - a scroll of identify


   Skills:
 + Level 2.5 Fighting
 * Level 4.1 Polearms
 - Level 1.7 Throwing
 + Level 0.8 Armour
 + Level 3.1 Dodging
 * Level 0.4 Stealth


You had 3 spell levels left.
You didn't know any spells.
Your spell library contained the following spells:

 Spells                   Type           Power      Damage    Failure   Level
 Confusing Touch          Hex            0%         N/A       80%         3
 Gell's Gravitas          Tloc           0%         N/A       80%         3
 Petrify                  Tmut/Erth      0%         N/A       99%         4
 Metabolic Englaciation   Hex/Ice        0%         N/A       100%        5
 Yara's Violent Unravell  Hex/Tmut       0%         3d3       100%        5


Dungeon Overview and Level Annotations

Branches:
Dungeon (2/15)

Altars:

Shops:
D:1 =


Innate Abilities, Weirdness & Mutations

You have sharp fingernails.
You regenerate a little health from kills.


Message History

You barely miss the iguana. The iguana closely misses you.
You barely miss the iguana. The iguana closely misses you.
You hit the iguana.
The iguana is moderately wounded.
The iguana bites you.
You hit the iguana.
The iguana is severely wounded.
The iguana bites you but does no damage.
You barely miss the iguana.
The iguana is severely wounded.
The iguana barely misses you. The orc barely misses you.
You closely miss the iguana.
The iguana is severely wounded.
The iguana bites you. The orc closely misses you.
You hit the iguana.
The iguana is severely wounded.
The iguana closely misses you. The orc completely misses you.
You closely miss the iguana.
The iguana is severely wounded.
The iguana closely misses you. The orc closely misses you.
You hit the iguana but do no damage.
The iguana is severely wounded.
The iguana bites you! The orc hits you with a +0 dagger. The iguana bites you.
It was a potion of brilliance.
You feel clever all of a sudden. The orc hits you but does no damage.
The iguana bites you.
You hit the orc.
The orc is moderately wounded.
The orc misses you. The iguana bites you!
* * * LOW HITPOINT WARNING * * *
Okay, then.
You hit the iguana.
The iguana is almost dead.
The orc misses you. The iguana closely misses you. The orc closely misses you.
You hit the iguana.
You kill the iguana!
The orc closely misses you.
Your Polearms skill increases to level 4!
The orc hits you with a +0 dagger.
You die...

#...#
#...#
##(..#
....#
#..$#
#...#
#..o#
#.@.#
#####


You could see an orc.

Vanquished Creatures
  An iguana (D:4)
  A hound skeleton (D:2)
  2 worms (D:2)
  3 dart slugs
  4 bats
  5 endoplasms
  3 giant cockroaches
  3 goblins
  3 hobgoblins
  2 jackals (D:2)
  4 kobolds
  3 quokkas (D:1)
  8 ball pythons
  3 frilled lizards (D:1)
  9 rats
54 creatures vanquished.

Notes
Turn   | Place    | Note
-------+----------+-------------------------------------------
     0 | D:1      | Wyvernaa the Demonspawn Gladiator began the quest for the
                  | Orb.
     0 | D:1      | Reached XP level 1. HP: 16/16 MP: 1/1
     2 | D:1      | Noticed an ogre
     2 | D:1      | Noticed a demonspawn
     4 | D:1      | Noticed a naga
     4 | D:1      | Noticed a centaur
     6 | D:1      | Noticed a vine stalker
     6 | D:1      | Noticed a felid
     8 | D:1      | Noticed a dwarf
     8 | D:1      | Noticed a palentonga
    10 | D:1      | Noticed a barachi
    12 | D:1      | Noticed a merfolk
    12 | D:1      | Noticed a formicid
    14 | D:1      | Noticed a troll
    14 | D:1      | Noticed a vampire
    16 | D:1      | Noticed an elf
    16 | D:1      | Noticed a spriggan
    18 | D:1      | Noticed a human
    20 | D:1      | Noticed a minotaur
    22 | D:1      | Noticed a draconian
    22 | D:1      | Noticed an octopode
    24 | D:1      | Noticed a ghoul
    24 | D:1      | Noticed a demigod
    26 | D:1      | Noticed a tengu
    26 | D:1      | Noticed a gargoyle
   221 | D:1      | Reached skill level 3 in Polearms
   225 | D:1      | Gained mutation: You regenerate a little health from kills.
                  | [demonic ancestry]
   225 | D:1      | Reached XP level 2. HP: 22/22 MP: 2/2
   361 | D:1      | Found a faded altar of an unknown god.
   650 | D:1      | Gained mutation: You have sharp fingernails. [demonic
                  | ancestry]
   650 | D:1      | Reached XP level 3. HP: 27/27 MP: 3/3
   660 | D:1      | Found Umerr's Jewellery Shoppe.
   660 | D:1      | You fall into a shaft and drop 1 floor!
  1204 | D:2      | Reached XP level 4. HP: 34/34 MP: 4/4
  1455 | D:2      | You fall into a shaft and drop 2 floors!
  1467 | D:4      | HP: 1/34 [iguana (10)]
  1470 | D:4      | Reached skill level 4 in Polearms
  1470 | D:4      | Slain by an orc

Illustrated notes

Levels and vault maps discovered:
D:1:      kb_arrival_jail, layout_basic, serial_shops, shop,
          hellmonk_ecumenical_altar_run_dry, minmay_surrounded
D:2:      layout_loops_ring, basic_altar
D:4:      layout_rooms, grunt_temple_overflow_lords_of_destruction,
          uniq_duvessa, uniq_natasha

Skill      XL: |  1  2  3  4 |
---------------+-------------+-----
Polearms       | 3 4 |  4.1
Dodging        | 3 |  3.1
Fighting       | |  2.5
Throwing       | |  1.7
Armour         | |  0.8
Stealth        | |  0.4

Action                   |  1- 3 |  4- 6 || total
-------------------------+-------+-------++-------
Melee: Trident           |   127 |    41 ||   168
  Use: Scroll            |     4 |       ||     4
       Potion            |       |     2 ||     2
 Stab: Sleeping          |       |     1 ||     1
Armor: Leather armour    |    33 |    15 ||    48
Dodge: Dodged            |    60 |    23 ||    83

Table legend: (Time is in decaauts)
 A = Elapsed time spent in this place.
 B = Non-inter-level travel time spent in this place.
 C = Inter-level travel time spent in this place.
 D = Time resting spent in this place.
 E = Time spent auto-exploring this place.
 F = Levels seen in this place.
 G = Mean time per level.
                   A        B        C        D        E       F      G
               +--------+--------+--------+--------+--------+-----+--------+
         Total |   1492 |   1455 |     37 |    100 |    874 |   3 |  497.3 |
       Dungeon |   1492 |   1455 |     37 |    100 |    874 |   3 |  497.3 |
               +--------+--------+--------+--------+--------+-----+--------+

Top non-repeatable levels by time:
     D:1: 945 daAuts
     D:2: 530 daAuts
     D:4: 15 daAuts
